Map: Amphion LE

Players

TAnotepad

  • Race: Terran Terran
  • League: Gold
  • Spawn Location: 7:00

ohmygodism - Winner!

  • Race: Terran Terran
  • League: Platinum
  • Spawn Location: 11:00

VOD

Have the link to the VOD?

Description

Time

  • Played on: April 29, 2024, 2:31 p.m.
  • Length: 5:26
Show
View Real Time Build Order
Export as new Build Order

TAnotepad Terran 

Build Orders:  

Get SALT Encoding   

  12  0:00  SCV  
  13  0:12  SCV  
  14  0:20  Supply Depot  
  14  0:51  Barracks  
  14  0:53  SCV  
  15  0:59  Refinery  
  15  1:04  Refinery  
  15  1:10  SCV  
  15  1:25  Supply Depot  
  14  1:54  Marine  
  15  1:58  Orbital Command  
  14  2:22  Barracks Reactor  
  14  2:32  SCV  
  14  2:40  Marine  
  15  2:50  SCV  
  13  3:02  SCV  
Show
View Real Time Build Order
Export as new Build Order

ohmygodism Terran - Winner!

Build Orders: Gas First Reaper Expand 

Get SALT Encoding   

  12  0:00  SCV  
  13  0:12  SCV  
  14  0:20  Supply Depot  
  14  0:26  Refinery  
  14  0:33  SCV  
  15  0:46  Barracks  
  15  0:51  SCV  
  16  1:03  SCV  
  17  1:15  Supply Depot  
  16  1:34  Reaper  
  17  1:57  SCV  
  18  2:01  Command Center  
  18  2:24  Orbital Command  
  18  2:57  Factory  
  18  3:44  Starport  
  18  3:45  Orbital Command  
  18  3:47  Barracks  
  18  3:50  SCV  
  18  3:53  Barracks Reactor  
  18  4:02  SCV  
  18  4:14  SCV  
  18  4:24  Factory Tech Lab, Starport Reactor  
  18  4:27  Factory  
  18  4:28  Orbital Command  
  18  4:32  Marine x2  
  18  4:49  Marine  
  18  4:50  Marine  
  18  4:54  SCV  
  18  5:01  Barracks  
  18  5:05  SCV  
  18  5:06  SCV  
  18  5:12  Refinery  
  18  5:25  Supply Depot  
Tags
 
Add a new tag
Caveats
  • Supply blocks, unpowered buildings, or Contaminate may cause inaccurate times.
  • Supply counts are checked every 10 seconds.